 Dungeon Crawl Stone Soup version 0.29-a0-284-gf9362112df (webtiles) character file.

Game seed: 16434872817644534852

5183 yunder69 the Spear-Bearer (level 10, -2/90 HPs)
             Began as a Minotaur Berserker on Mar 26, 2022.
             Was a Believer of Trog.
             Slain by a two-headed ogre
             ... wielding a +0 giant club
              (13 damage)
             ... on level 9 of the Dungeon.
             The game lasted 00:21:52 (10334 turns).

yunder69 the Spear-Bearer (Minotaur Berserker)     Turns: 10334, Time: 00:21:53

Health: -2/90      AC: 15    Str: 27    XL:     10   Next: 34%
Magic:  9/9        EV:  9    Int:  6    God:    Trog [**....]
Gold:   453        SH:  0    Dex: 13    Spells: 9/9 levels left

rFire   . . .      SeeInvis .   h - +10 quarterstaff "Cetumuel" {vamp, rPois rN+ Will+ Str+3 Dex-3}
rCold   . . .      Faith    .   (shield currently unavailable)
rNeg    + + .      Spirit   .   w - +0 chain mail
rPois   +          Reflect  .   (helmet restricted)
rElec   .          Harm     .   I - +1 cloak
rCorr   .          Rampage  .   (no gloves)
Will    +....                   H - +2 pair of boots
Stlth   ..........              (no amulet)
HPRegen 0.25/turn               f - ring of positive energy
MPRegen 0.11/turn               t - +6 ring of dexterity

@: on berserk cooldown
A: horns 2, retaliatory headbutt
a: Renounce Religion, Berserk, Trog's Hand


You were on level 9 of the Dungeon.
You worshipped Trog.
Trog was pleased with you.
You visited 1 branch of the dungeon, and saw 9 of its levels.

You collected 453 gold pieces.

Inventory:

Hand Weapons
 h - the +10 quarterstaff "Cetumuel" (weapon) {vamp, rPois rN+ Will+ Str+3 Dex-3}
   (You found it on level 6 of the Dungeon)

   It occasionally heals its wielder for a portion of the damage dealt when it
   wounds a living foe.
   Str:       It affects your strength (+3).
   Dex:       It affects your dexterity (-3).
   rPois:     It protects you from poison.
   rN:        It protects you from negative energy.
   Will:      It increases your willpower.
 p - a +0 scythe
 x - a +0 great sword
 y - a +0 shortbow
 F - a +8 spear
 G - a +4 mace
 M - a +2 spear of flaming
Missiles
 o - 8 boomerangs (quivered)
 K - 26 poisoned darts
Armour
 w - a +0 chain mail (worn)
 D - +0 steam dragon scales
 E - the +1 robe of Joofac {Fly Dex+3 SInv}
   (You found it on level 7 of the Dungeon)

   Dex:       It affects your dexterity (+3).
   SInv:      It lets you see invisible.
   Fly:       It grants you flight.
 H - a +2 pair of boots (worn)
 I - a +1 cloak (worn)
Jewellery
 f - a ring of positive energy (left hand)
 t - a +6 ring of dexterity (right hand)
 B - a ring of fire
Wands
 a - a wand of flame (22)
 r - a wand of acid (7)
Scrolls
 c - a scroll of fear {unknown}
 d - 2 scrolls of vulnerability {unknown}
 g - 3 scrolls of immolation
 i - 2 scrolls of teleportation {unknown}
 j - a scroll of blinking {unknown}
 l - 5 scrolls of identify
 m - 2 scrolls of amnesia {unknown}
 q - 2 scrolls of enchant armour {unknown}
 u - a scroll of magic mapping {unknown}
 v - a scroll of summoning {unknown}
Potions
 b - 6 potions of curing
 e - 3 potions of heal wounds {unknown}
 k - 2 potions of brilliance {unknown}
 s - 2 potions of cancellation {unknown}
 z - a potion of berserk rage {unknown}
 A - a potion of might {unknown}
 C - a potion of flight {unknown}
 J - a potion of mutation {unknown}
 L - a potion of magic {unknown}


   Skills:
 - Level 8.7 Fighting
 - Level 13.9(14.7) Polearms
 + Level 8.1(12.0) Staves
 - Level 5.5 Armour
 - Level 2.1 Dodging


You had 9 spell levels left.
You didn't know any spells.
Your spell library was empty.

Dungeon Overview and Level Annotations

Branches:
Dungeon (9/15)             Temple (0/1) D:7
   Lair: D:8-11         Orc: D:9-12

Altars:
Cheibriados
Elyvilon
Gozag
Ru
Sif Muna
Vehumet
Zin


Innate Abilities, Weirdness & Mutations

You have a pair of horns on your head.
You reflexively headbutt those who attack you in melee.


Message History

Your base Staves skill increases to level 8!
There is a stone staircase leading down here.
The steam dragon breathes steam at you. The ball of steam hits you!
You climb downwards.
Found a wand of flame (10).
There is a stone staircase leading up here.
Your skin crawls.
You feel strong-willed.
You're still recovering from your berserk rage.
You thump the two-headed ogre!
You feel better.
The two-headed ogre is moderately wounded.
The two-headed ogre hits you with a +0 giant club!!
The two-headed ogre barely misses you.
You completely miss the two-headed ogre.
You headbutt the two-headed ogre.
The two-headed ogre is moderately wounded.
You feel the effects of Trog's Hand fading.
The two-headed ogre hits you with a +0 giant club!!
* * * LOW HITPOINT WARNING * * *
The two-headed ogre hits you but does no damage.
The two-headed ogre attacks as you move away!
The two-headed ogre closely misses you. You furiously retaliate!
You headbutt the two-headed ogre!
The two-headed ogre hits you with a +0 giant spiked club.
* * * LOW HITPOINT WARNING * * *
You feel yourself speed up.
Your skin stops crawling.
You feel less strong-willed.
You hit the two-headed ogre.
You feel better.
The two-headed ogre is heavily wounded.
The two-headed ogre hits you with a +0 giant club!
* * * LOW HITPOINT WARNING * * *
The two-headed ogre hits you with a +0 giant spiked club!
* * * LOW HITPOINT WARNING * * *
You hit the two-headed ogre.
The two-headed ogre is severely wounded.
You hit the two-headed ogre.
The two-headed ogre is severely wounded.
The two-headed ogre hits you with a +0 giant club!
You die...

.......#
......#
......#
...... ....
##..
######..###
.......@..#
...../.O..#
..........+
.........<#
..........#
..........#
..........#
..........#
..........#


You could see a two-headed ogre.

Vanquished Creatures
  Pikel (D:6)
  Maggie (D:5)
  Grinder (D:4)
  Sigmund (D:3)
  A wyvern (D:5)
  A yak (D:8)
  A wraith (D:7)
  A steam dragon (D:6)
  Edmund (D:6)
  5 water moccasins
  A black bear (D:5)
  An ice beast (D:7)
  A sky beast (D:5)
  4 ogres
  2 centaurs
  2 kobold brigands (D:8)
  4 bullfrogs
  4 necrophages
  A scorpion (D:5)
  A gnoll sergeant (D:7)
  A wight (D:7)
  5 killer bees (D:8)
  5 howler monkeys
  2 jellies
  5 hounds
  4 orc priests
  Jessica (D:3)
  3 iguanas
  6 orc wizards
  8 gnolls
  10 adders
  2 ufetubi
  3 worms
  27 orcs
  6 ball pythons
  8 endoplasms
  9 giant cockroaches
  3 goblins
  5 hobgoblins
  3 jackals (D:2)
  6 quokkas
  4 bats
  3 frilled lizards
  15 kobolds
  12 rats
191 creatures vanquished.

Vanquished Creatures (others)
  An orc (D:6)
  4 plants (D:2)
5 creatures vanquished.

Grand Total: 196 creatures vanquished

Notes
Turn   | Place    | Note
-------+----------+-------------------------------------------
     0 | D:1      | yunder69 the Minotaur Berserker began the quest for the
                  | Orb.
     0 | D:1      | Reached XP level 1. HP: 19/19 MP: 0/0
   146 | D:1      | Reached skill level 4 in Polearms
   146 | D:1      | Reached XP level 2. HP: 25/27 MP: 1/1
   261 | D:1      | Found a faded altar of an unknown god.
   847 | D:2      | Reached XP level 3. HP: 34/34 MP: 2/2
  1000 | D:2      | Reached ** piety under Trog
  1373 | D:2      | Reached XP level 4. HP: 41/41 MP: 3/3
  1377 | D:2      | Reached skill level 5 in Polearms
  1390 | D:2      | Reached skill level 5 in Fighting
  1719 | D:3      | Noticed an ogre
  1723 | D:3      | Killed an ogre
  1724 | D:3      | Reached XP level 5. HP: 50/50 MP: 4/4
  1817 | D:3      | Found a glowing silver altar of Zin.
  1945 | D:3      | Noticed Sigmund
  1957 | D:3      | Killed Sigmund
  1958 | D:3      | Reached skill level 6 in Polearms
  1958 | D:3      | Reached XP level 6. HP: 58/58 MP: 5/5
  2138 | D:3      | Noticed Jessica
  2143 | D:3      | Killed Jessica
  2265 | D:3      | Found a glowing drain.
  2430 | D:3      | Found a sacrificial altar of Ru.
  2571 | D:4      | Reached skill level 7 in Polearms
  3289 | D:4      | Reached XP level 7. HP: 65/66 MP: 6/6
  3951 | D:4      | Reached skill level 8 in Polearms
  3974 | D:4      | Found a shimmering blue altar of Sif Muna.
  4008 | D:4      | Noticed Grinder
  4023 | D:4      | Killed Grinder
  4024 | D:4      | Reached skill level 9 in Polearms
  4410 | D:5      | Entered Level 5 of the Dungeon
  4489 | D:6      | Noticed Maggie
  4497 | D:5      | Killed Maggie
  4498 | D:5      | Reached skill level 10 in Polearms
  4498 | D:5      | Reached XP level 8. HP: 18/73 MP: 7/7
  5311 | D:5      | Found a snail-covered altar of Cheibriados.
  5318 | D:5      | Reached skill level 11 in Polearms
  5403 | D:5      | Reached skill level 12 in Polearms
  6283 | D:5      | Reached skill level 13 in Polearms
  6283 | D:5      | Reached XP level 9. HP: 79/79 MP: 8/8
  7316 | D:6      | Found an opulent altar of Gozag.
  7321 | D:6      | Identified the +3 cloak of Skepticism {Str+2 Int+2}
  7763 | D:6      | Noticed Edmund
  7772 | D:6      | Killed Edmund
  8206 | D:6      | Noticed Pikel
  8213 | D:6      | Killed Pikel
  8214 | D:6      | Reached skill level 5 in Armour
  8414 | D:6      | Identified the +10 quarterstaff "Cetumuel" {vamp, rPois rN+
                  | Will+ Str+3 Dex-3}
  8561 | D:7      | Found a staircase to the Ecumenical Temple.
  8568 | D:7      | Reached skill level 1 in Staves
  8667 | D:7      | Identified the +1 robe of Joofac {Fly Dex+3 SInv}
  9122 | D:7      | Reached XP level 10. HP: 90/90 MP: 9/9
  9286 | D:7      | Reached skill level 5 in Staves
 10142 | D:8      | Found a radiant altar of Vehumet.
 10144 | D:8      | Found a white marble altar of Elyvilon.
 10325 | D:9      | Noticed a two-headed ogre
 10334 | D:9      | Slain by a two-headed ogre

Illustrated notes

Levels and vault maps discovered:
D:1:      dpeg_arrival_arbitrary_a, layout_loops_ring,
          shapermc_ecumenical_altar_rom_forum, hex_medium
D:2:      layout_rooms, minmay_hedge_maze, lexackson_kobold_supper
D:3:      layout_basic, lemuel_doored_altar, mainiacjoe_overflow_boulevard,
          portal_sewer_entry_a, minivault_19, uniq_sigmund, uniq_jessica
D:4:      layout_basic, mainiacjoe_overflow_tiny_flanked, serial_rivers,
          chequers_serial_rivers_micro_a, chequers_serial_rivers_micro_a,
          chequers_serial_rivers_small_3, chequers_serial_rivers_micro_a,
          chequers_serial_rivers_room_a, eino_tiny_chamber, st_stairs_11,
          hangedman_decor_clover_reticule, bh_walls_and_bars, uniq_grinder
D:5:      layout_basic, cheibriados_altar_1
D:6:      layout_loops_corners, nicolae_gozag_seed_capital,
          chequers_serial_rivers_micro_b, uniq_pikel, uniq_maggie, uniq_edmund
D:7:      kennysheep_six_static_rooms, layout_cave_pools, temple_green,
          serial_co_window_serial, co_window_paths_a, co_window_corner_a,
          co_window_paths_b, co_window_corner_a, co_window_corner_a,
          co_window_paths_b, co_window_paths_a, co_window_paths_a,
          co_window_paths_a, co_window_of_opportunity_b,
          co_window_of_opportunity_b, co_window_cross_4, co_window_corner_ca,
          co_window_of_opportunity_b, glass_columns_c, minmay_tree_intersection
D:8:      cheibrodos_quashed, layout_rooms,
          chequers_temple_overflow_statue_of_worship, hangedman_decor_points
D:9:      layout_roguey, grunt_dithmenos_smoke, dancing_weapons_uskayaw,
          minmay_orc_entry_guard_dogs, minmay_nine_imps, uniq_erolcha,
          uniq_joseph

Skill      XL: |  1  2  3  4  5  6  7  8  9 10 |
---------------+-------------------------------+-----
Fighting       | 4 5 6 7 8 |  8.7
Polearms       | 4 5 6 7 10 13 | 13.9
Armour         | 5 |  5.5
Staves         | 4 8 |  8.1
Dodging        | |  2.1

Action                   |  1- 3 |  4- 6 |  7- 9 | 10-12 || total
-------------------------+-------+-------+-------+-------++-------
Melee: Spear             |   104 |    39 |       |       ||   143
       Headbutt          |    10 |    11 |    31 |    12 ||    64
       Punch             |     2 |       |       |       ||     2
       Scythe            |       |    65 |   165 |       ||   230
       Quarterstaff      |       |       |    29 |    64 ||    93
Invok: Berserk           |     1 |     4 |    11 |     3 ||    19
       Trog's Hand       |     1 |     3 |    10 |     6 ||    20
  Use: Scroll            |       |       |     2 |     1 ||     3
Armor: Animal skin       |     5 |       |       |       ||     5
       Ring mail         |    10 |    20 |    51 |       ||    81
       Chain mail        |       |       |    11 |    45 ||    56
       Steam dragon scal |       |       |     1 |       ||     1
Dodge: Dodged            |    37 |    34 |    82 |    59 ||   212

Table legend: (Time is in decaauts)
 A = Elapsed time spent in this place.
 B = Non-inter-level travel time spent in this place.
 C = Inter-level travel time spent in this place.
 D = Time resting spent in this place.
 E = Time spent auto-exploring this place.
 F = Levels seen in this place.
 G = Mean time per level.
                   A        B        C        D        E       F      G
               +--------+--------+--------+--------+--------+-----+--------+
         Total |  10604 |  10132 |    472 |   3383 |   4932 |   9 | 1178.2 |
       Dungeon |  10604 |  10132 |    472 |   3383 |   4932 |   9 | 1178.2 |
               +--------+--------+--------+--------+--------+-----+--------+

Top non-repeatable levels by time:
     D:5: 2551 daAuts
     D:4: 1942 daAuts
     D:6: 1707 daAuts
     D:7: 1595 daAuts
     D:2: 909 daAuts
     D:3: 874 daAuts
     D:1: 803 daAuts
     D:8: 210 daAuts
     D:9: 10 daAuts
